 Dungeon Crawl Stone Soup version 0.28.0-43-g3370ac3207 (webtiles) character file.

Game seed: 1639801525558717966

23 Dirian the Covered (level 2, 0/23 HPs)
             Began as a Minotaur Wanderer on Mar 9, 2022.
             Was a Follower of Elyvilon.
             Slain by a gnoll
             ... wielding a +0 flail
              (7 damage)
             ... on level 2 of the Dungeon.
             The game lasted 00:02:00 (998 turns).

Dirian the Covered (Minotaur Wanderer)               Turns: 998, Time: 00:02:01

Health: 0/23       AC:  7    Str: 18    XL:     2   Next: 75%
Magic:  2/2        EV: 10    Int:  8    God:    Elyvilon [*.....]
Gold:   60         SH:  0    Dex:  8    Spells: 2/3 levels left

rFire   . . .      SeeInvis .   a - +0 club
rCold   . . .      Faith    .   (no shield)
rNeg    . . .      Spirit   .   c - +0 ring mail
rPois   .          Reflect  .   (helmet restricted)
rElec   .          Harm     .   f - +0 cloak
rCorr   .          Rampage  .   (no gloves)
Will    .....                   (no boots)
Stlth   ..........              (no amulet)
HPRegen 0.07/turn               (no ring)
MPRegen 0.08/turn               (no ring)

@: hasted, very quick
A: horns 2, retaliatory headbutt
a: Renounce Religion, Purification


You were on level 2 of the Dungeon.
You worshipped Elyvilon.
Elyvilon was aware of your devotion.
You visited 1 branch of the dungeon, and saw 2 of its levels.

You collected 60 gold pieces.

Inventory:

Hand Weapons
 a - a +0 club (weapon)
 i - a +0 mace
Armour
 c - a +0 ring mail (worn)
 f - a +0 cloak (worn)
Scrolls
 r - a scroll of identify
 z - a scroll of blinking
Potions
 d - a potion of brilliance
 e - a potion of magic
 w - a potion of heal wounds


   Skills:
 + Level 1.1 Fighting
 * Level 2.0 Maces & Flails
 - Level 5.0 Armour
 - Level 1.0 Dodging
 - Level 3.2 Unarmed Combat
 - Level 1.0 Spellcasting
 - Level 1.0 Fire Magic
 - Level 1.0 Invocations


You had 2 spell levels left.
You knew the following spells:

 Your Spells              Type           Power      Damage    Failure   Level
a - Foxfire               Conj/Fire      4%         2x1d4     47%         1

Your spell library contained the following spells:

 Spells                   Type           Power      Damage    Failure   Level
 Inner Flame              Hex/Fire       1%         N/A       85%         3


Dungeon Overview and Level Annotations

Branches:
Dungeon (2/15)

Altars:
Elyvilon
Ru


Innate Abilities, Weirdness & Mutations

You have a pair of horns on your head.
You reflexively headbutt those who attack you in melee.


Message History

The hobgoblin barely misses you.
You hit the hobgoblin.
You kill the hobgoblin!
The gnoll throws a throwing net.
The throwing net hits you.
You become entangled in the net!
You tear a large gash into the net.
The gnoll hits you but does no damage.
You struggle against the net.
The gnoll hits you but does no damage.
You rip the net and break free!
The gnoll throws a throwing net.
The throwing net hits you.
You become entangled in the net!
You struggle against the net.
The gnoll hits you from afar with a +0 spear.
You struggle against the net.
The gnoll barely misses you.
You struggle against the net.
The gnoll hits you from afar with a +0 spear.
You struggle against the net.
The gnoll hits you from afar with a +0 spear.
You shred the net and break free! The gnoll barely misses you.
You feel yourself speed up. The gnoll closely misses you.
The gnoll hits you but does no damage.
You see here a hobgoblin corpse.
You barely miss the gnoll. You headbutt the gnoll!
The gnoll is almost dead.
The gnoll hits you with a +0 spear.
* * * LOW HITPOINT WARNING * * *
You hit the gnoll.
You kill the gnoll!
Training target 5.0 for Armour reached!
Your Fighting skill increases to level 1!
Your Armour skill increases to level 5!
The dart slug bites you but does no damage.
You see here a +0 spear.
You hit the dart slug.
You kill the dart slug!
Training target 1.0 for Dodging reached!
Your Maces & Flails skill increases to level 2!
Your Dodging skill increases to level 1!
You hit the gnoll.
The gnoll is lightly wounded.
The gnoll hits you with a +0 flail!
You die...

.#####.....# ##.....g# ###
....##8.8..#####.##.#..#g# ....
.##............#.##.....w##.....
........................g....>..
..#.>......†..<####.####.##!..(.
..#.####...########....g.# ....
....# #...# #gg...w#.......##
#.### #...# #g##.#.#.#####.# #.#
#...# #@##.#.#.#### ..# ##.##
#†##........# ########...##
#.####.#.##.# .....##.....#
##......#.# ...#.##.....#
#.......#.. ##.#.##.....#
#.#####.# ##
...#.###...####.#####.#
##.#.###...........##.#
...........####.##.##.#


You could see 3 gnolls.

Vanquished Creatures
  A gnoll (D:2)
  A dart slug (D:2)
  A ball python (D:1)
  3 bats
  A giant cockroach (D:2)
  A goblin (D:1)
  A hobgoblin (D:2)
  2 kobolds
  A frilled lizard (D:2)
12 creatures vanquished.

Notes
Turn   | Place    | Note
-------+----------+-------------------------------------------
     0 | D:1      | Dirian the Minotaur Wanderer began the quest for the Orb.
     0 | D:1      | Dirian set off with the following items: a +0 club, a +0
                  | ring mail, a potion of brilliance, a potion of haste; and
                  | the following spell memorised: Foxfire; and the following
                  | spells available to memorise: Inner Flame
     0 | D:1      | Reached XP level 1. HP: 14/14 MP: 1/1
   407 | D:1      | Reached skill level 1 in Maces & Flails
   709 | D:1      | Found a sacrificial altar of Ru.
   808 | D:2      | Found a faded altar of an unknown god.
   815 | D:2      | Reached XP level 2. HP: 22/22 MP: 2/2
   822 | D:2      | Prayed at the altar of an unknown god.
   822 | D:2      | Became a worshipper of Elyvilon the Healer
   822 | D:2      | Reached * piety under Elyvilon
   996 | D:2      | Reached skill level 1 in Fighting
   996 | D:2      | Reached skill level 5 in Armour
   998 | D:2      | Reached skill level 1 in Dodging
   998 | D:2      | Slain by a gnoll

Illustrated notes

Levels and vault maps discovered:
D:1:      dpeg_arrival_water_altar, layout_loops_ring
D:2:      layout_loops_cross, ebering_ecumenical_altar_ruins

Skill      XL: |  1  2 |
---------------+-------+-----
Maces & Flails | 1 2 |  2.0
Fighting       | 1 |  1.1
Armour         | 5 |  5.0
Dodging        | 1 |  1.0
Unarmed Combat | |  3.2
Spellcasting   | |  1.0
Fire Magic     | |  1.0
Invocations    | |  1.0

Action                   || total
-------------------------++-------
Melee: Club              ||    23
       Headbutt          ||     4
  Use: Scroll            ||     4
       Potion            ||     1
Armor: Ring mail         ||    16
Dodge: Dodged            ||    23
